 Dungeon Crawl Stone Soup version 0.24-a0-784-g601f8f6d22 (webtiles) character file.

Game seed: 8184729419712332469, levelgen mode: deterministic

6114 Gargoyl the Cutter (level 10, -1/84 HPs)
             Began as a Centaur Abyssal Knight on Oct 8, 2019.
             Was a High Priest of Lugonu.
             Shot with an arrow by a centaur (8 damage)
             ... on level 10 of the Dungeon on Oct 9, 2019.
             The game lasted 00:19:40 (11808 turns).

Gargoyl the Cutter (Centaur Abyssal Knight)        Turns: 11808, Time: 00:19:41

Health: -1/84      AC:  6    Str: 14    XL:     10   Next: 58%
Magic:  15/15      EV: 11    Int: 13    God:    Lugonu [*****.]
Gold:   378        SH:  0    Dex: 21    Spells: 9/9 levels left

rFire    + . .     SeeInvis .   m - +5 rapier of Jiyt Ceu {freeze, rF+ Dex+5}
rCold    . . .     Gourm    .   (no shield)
rNeg     . . .     Faith    .   x - +1 ring mail of Limited Liability {*Corrode rElec Dex+5}
rPois    .         Spirit   .   k - +0 helmet
rElec    +         Reflect  .   (no cloak)
rCorr    .         Harm     .   d - +2 pair of gloves
MR       +....     Clarity  +   (no barding)
Stlth    +.........             (no amulet)
HPRegen  0.24/turn              n - +4 ring of intelligence
MPRegen  0.14/turn              p - -2 ring of intelligence (curse)

@: corroded, very quick
A: large, hooves 3, thin metallic scales 1, clarity, deformed body, speed 2,
magic resistance 1, tough skin 3, weak 1
a: Depart the Abyss, Bend Space, Banish, Corrupt, Enter the Abyss, Renounce
Religion


You were on level 10 of the Dungeon.
You worshipped Lugonu.
Lugonu was extremely pleased with you.
You were hungry.

You visited 2 branches of the dungeon, and saw 11 of its levels.
You visited the Abyss 1 time.

You collected 588 gold pieces.
You spent 210 gold pieces at shops.

Inventory:

Hand Weapons
 a - a +4 hand axe
 m - the +5 rapier of Jiyt Ceu (weapon) {freeze, rF+ Dex+5}
   (You found it on level 4 of the Dungeon)

   It has been specially enchanted to freeze those struck by it, causing extra
   injury to most foes and up to half again as much damage against particularly
   susceptible opponents.
   It can also slow down cold-blooded creatures.
   It affects your dexterity (+5).
   It protects you from fire.
 v - a +3 hand axe
Armour
 d - a +2 pair of gloves (worn)
 k - a +0 helmet (worn)
 x - the +1 ring mail of Limited Liability (worn) {*Corrode rElec Dex+5}
   (You found it on level 6 of the Dungeon)

   It affects your dexterity (+5).
   It insulates you from electricity.
   It may corrode you when you take damage.
Jewellery
 n - a +4 ring of intelligence (left hand)
 p - a cursed -2 ring of intelligence (right hand)
Wands
 q - a wand of paralysis (10)
 r - a wand of scattershot (2)
 s - a wand of polymorph (6)
 t - a wand of acid (12)
Scrolls
 e - 4 scrolls of identify
 g - 8 scrolls of teleportation
 j - 5 scrolls of remove curse
 l - a scroll of fear
 y - a scroll of fog
Potions
 b - 4 potions of heal wounds
 f - 2 potions of haste
 h - a potion of invisibility
 i - 2 potions of curing
 o - 2 potions of magic
 u - a potion of ambrosia
 w - 3 potions of cancellation
 z - a potion of mutation
Comestibles
 c - 10 rations


   Skills:
 + Level 6.5 Fighting
 + Level 7.5 Short Blades
 + Level 3.6 Axes
 * Level 6.3 Armour
 * Level 4.6 Dodging
 * Level 7.1 Invocations
 + Level 0.1 Evocations


You had 9 spell levels left.
You didn't know any spells.
Your spell library contained the following spells:

 Spells                   Type           Power        Failure   Level  Hunger
 Summon Small Mammal      Summ           #...         50%         1    ##.....
 Call Imp                 Summ           #.......     65%         2    ###....
 Call Canine Familiar     Summ           #.......     86%         3    ####...
 Summon Guardian Golem    Hex/Summ       #.......     86%         3    ####...
 Summon Ice Beast         Ice/Summ       #.......     99%         4    #####..
 Summon Lightning Spire   Summ/Air       #.......     99%         4    #####..


Dungeon Overview and Level Annotations

Branches:
Dungeon (10/15)            Temple (1/1) D:6             Orc (0/2) D:9
   Lair: D:8-11

Altars:
Cheibriados
Dithmenos
Elyvilon
Fedhas
Gozag
Hepliaklqana
Kikubaaqudgha
Makhleb
Nemelex Xobeh
Okawaru
Qazlal
Ru
Sif Muna
Wu Jian
Xom
Yredelemnul
The Shining One

Shops:
D:4 ?   D:5 =


Innate Abilities, Weirdness & Mutations

You have hooves in place of feet.
Armour fits poorly on your strangely shaped body.
You cover ground very quickly.
You have extremely tough skin. (AC +3)
You are partially covered in thin metallic scales. (AC +2)
You possess an exceptional clarity of mind.
You are resistant to hostile enchantments. (MR+)
You are weak. (Str -2)


Message History

The centaur unwields a +0 shortbow.
The centaur hits you but does no damage.
You hit the centaur but do no damage. You kick the centaur.
The centaur is lightly wounded.
The centaur closely misses you. The centaur barely misses you.
You closely miss the centaur.
The centaur is lightly wounded.
The centaur hits you!
* * * LOW HITPOINT WARNING * * *
You hit the centaur. You freeze the centaur.
The centaur is lightly wounded.
The centaur hits you!
* * * LOW HITPOINT WARNING * * *
The crimson imp shouts, "Scamper away, thou villainous fool-born canker-blossom!"
The centaur wields a +0 shortbow.
The centaur shoots an arrow.
The arrow hits you!
* * * LOW HITPOINT WARNING * * *
You see here an arrow.
The centaur shoots an arrow.
The arrow hits you!
You die...

##..................##
#....................##
##................###.#
#.#..........(...#....#.
#..(.........รท(.........
#..(....................
###...(.................
###....................
#..........)c.(@.....#.
#..#....)...ZT#####.#.. ##
###.....?.....# ..# .##
#.#..........H# ..# ...#
#..#........5o# ..# #.#.#
######.......(#####.#
##...#..#
##...........TH.####.o..$#
#.#........(.....#.H#....#
###....#..#..5..o#..#.....#


You could see a troll, a centaur and a hornet zombie.

Vanquished Creatures
  Pikel (D:6)
  A troll (D:9)
  2 hippogriffs
  A wyvern (D:8)
  A hungry ghost (D:10)
  A soldier ant (D:8)
  A water moccasin (D:6)
  A slave (D:6)
  3 ice beasts
  3 sky beasts
  A phantom (D:8)
  A black bear (D:6)
  A necrophage (D:8)
  7 ogres
  2 centaurs (D:9)
  A big kobold (D:10)
  6 bullfrogs
  6 scorpions
  10 killer bees (D:8)
  6 howler monkeys
  2 centaur zombies
  2 quasits
  A bullfrog zombie (D:5)
  3 jellies (D:4)
  3 orc priests
  4 hounds
  2 orc wizards
  Ijyb (D:3)
  5 iguanas
  10 worker ants
  A small abomination (Abyss:2)
  A hound skeleton (D:6)
  A howler monkey zombie (D:8)
  A worker ant zombie (D:7)
  10 adders
  9 gnolls
  A howler monkey skeleton (D:5)
  A shadow imp (D:8)
  9 oozes (D:4)
  An adder skeleton (D:5)
  2 worms (D:3)
  3 dart slugs
  3 leopard geckos
  16 orcs
  2 ball pythons
  6 giant cockroaches
  8 goblins
  7 hobgoblins
  21 jackals
  16 kobolds
  6 quokkas
  A ball python skeleton (D:3)
  5 bats
  7 frilled lizards
  2 leopard gecko zombies (D:6)
  8 rats
  A plant (D:6)
238 creatures vanquished.

Vanquished Creatures (others)
  5 dream sheep (D:5)
  A slave (D:6)
  An oklob sapling (D:6)
  3 fungi (D:4)
  9 toadstools (D:4)
19 creatures vanquished.

Grand Total: 257 creatures vanquished

Notes
Turn   | Place    | Note
-------+----------+-------------------------------------------
     0 | Abyss:1  | Gargoyl the Centaur Abyssal Knight began the quest for the
                  | Orb.
     0 | Abyss:1  | Reached XP level 1. HP: 19/19 MP: 2/2
    52 | Abyss:2  | Noticed a small abomination
    61 | Abyss:2  | Killed a small abomination
    61 | Abyss:2  | Reached XP level 2. HP: 26/26 MP: 3/3
    63 | Abyss:2  | Noticed a large abomination
    68 | Abyss:2  | Noticed a sixfirhy
    68 | Abyss:2  | Noticed a large abomination
    71 | D:1      | Escaped the Abyss
   223 | D:1      | Reached XP level 3. HP: 24/33 MP: 4/4
   344 | D:1      | Reached * piety under Lugonu
   429 | D:1      | You fall into a shaft and drop 1 floor!
   574 | D:2      | Reached XP level 4. HP: 21/40 MP: 5/5
   926 | D:2      | Reached skill level 1 in Dodging
  1052 | D:2      | Found a faded altar of an unknown god.
  1080 | D:2      | Reached ** piety under Lugonu
  2144 | D:3      | Reached XP level 5. HP: 46/46 MP: 7/7
  2478 | D:3      | Noticed Ijyb
  2542 | D:3      | Killed Ijyb
  2976 | D:4      | Reached *** piety under Lugonu
  3050 | D:4      | Reached XP level 6. HP: 15/52 MP: 8/8
  3353 | D:4      | Got a crude rapier
  3354 | D:4      | Identified the +5 rapier of Jiyt Ceu {freeze, rF+ Dex+5}
                  | (You found it on level 4 of the Dungeon)
  3640 | D:4      | Found Asais's Magic Scroll Emporium.
  3653 | D:4      | Bought a scroll of enchant armour for 75 gold pieces
  3653 | D:4      | Bought a scroll of enchant weapon for 75 gold pieces
  3653 | D:4      | Bought a scroll of teleportation for 30 gold pieces
  3653 | D:4      | Bought a scroll of teleportation for 30 gold pieces
  4230 | D:4      | Reached skill level 1 in Short Blades
  4258 | D:4      | Reached XP level 7. HP: 59/59 MP: 9/9
  4386 | D:5      | Entered Level 5 of the Dungeon
  4391 | D:5      | Found Pauqyr's Jewellery Emporium.
  4392 | D:5      | Reached **** piety under Lugonu
  4578 | D:5      | Found a stormy altar of Qazlal.
  4726 | D:5      | Noticed a dream sheep
  4726 | D:5      | Noticed a dream sheep
  4726 | D:5      | Noticed a dream sheep
  4726 | D:5      | Noticed a dream sheep
  4726 | D:5      | Noticed a dream sheep
  4726 | D:5      | Found a shimmering altar of Xom.
  4732 | D:5      | Killed a dream sheep
  4734 | D:5      | Killed a dream sheep
  4734 | D:5      | Killed a dream sheep
  4734 | D:5      | Killed a dream sheep
  4734 | D:5      | Killed a dream sheep
  5192 | D:5      | Gained mutation: You are resistant to hostile enchantments.
                  | (MR+) [potion of mutation]
  5192 | D:5      | Gained mutation: You are weak. (Str -2) [potion of
                  | mutation]
  5192 | D:5      | Gained mutation: You are partially covered in thin metallic
                  | scales. (AC +2) [potion of mutation]
  5192 | D:5      | Gained mutation: You possess an exceptional clarity of
                  | mind. [potion of mutation]
  5351 | D:6      | Reached XP level 8. HP: 27/67 MP: 11/11
  5882 | D:6      | Found a staircase to the Ecumenical Temple.
  6366 | D:6      | Noticed Pikel
  6413 | D:6      | Killed Pikel
  6413 | D:6      | Reached skill level 5 in Fighting
  6413 | D:6      | Reached skill level 5 in Invocations
  6788 | D:6      | Got a steaming ring mail
  6799 | D:6      | Identified the +1 ring mail of Limited Liability {*Corrode
                  | rElec Dex+5} (You found it on level 6 of the Dungeon)
  6830 | D:6      | Found a hazy altar of Hepliaklqana.
  6938 | D:7      | Reached skill level 5 in Armour
  6938 | D:7      | Reached XP level 9. HP: 70/74 MP: 12/12
  8244 | D:8      | Reached skill level 5 in Short Blades
  8849 | D:8      | Reached ***** piety under Lugonu
  9759 | Temple   | Entered the Ecumenical Temple
  9972 | D:8      | Reached XP level 10. HP: 34/83 MP: 14/14
 10578 | D:9      | Found a shadowy altar of Dithmenos.
 10709 | D:9      | Found a staircase to the Orcish Mines.
 10944 | D:9      | Found an iron altar of Okawaru.
 10944 | D:9      | Found a sparkling altar of Nemelex Xobeh.
 10946 | D:9      | Found a burning altar of Makhleb.
 10958 | D:9      | Found a blossoming altar of Fedhas.
 11401 | D:10     | Entered Level 10 of the Dungeon
 11432 | D:10     | Upgraded the game from 0.24-a0-779-g36f0aeb843 to
                  | 0.24-a0-784-g601f8f6d22
 11808 | D:10     | Shot with an arrow by a centaur

Levels and vault maps discovered:
D:1:      nzn_arrival_settlement, layout_basic
D:2:      layout_basic, chequers_ecumenical_altar_simple_redux,
          kennysheep_cross_room
D:3:      kennysheep_big_flooded_room, layout_basic, uniq_ijyb
D:4:      cheibrodos_fertilizer, layout_loops_ring, serial_shops, shop_scrolls,
          first_ration
D:5:      layout_cave_pools, grunt_qazlal_clouds, serial_shops, shop,
          kb_xom_exploding_sheep
D:6:      layout_basic, kennysheep_mini, minmay_temple_entry_oklob, uniq_pikel
D:7:      layout_basic
D:8:      layout_basic
D:9:      layout_basic, nicolae_overflow_quartered_altars,
          nicolae_overflow_crystal_walls, orc_0_dummy
D:10:     layout_big_octagon, serial_shops, kennysheep_little_box
Temple:   regret_index_temple_generic_petals

Skill      XL: |  1  2  3  4  5  6  7  8  9 10 |
---------------+-------------------------------+-----
Axes           | 2 3 |  3.6
Dodging        | 1 2 3 4 |  4.6
Armour         | 2 3 5 6 |  6.3
Fighting       | 4 5 6 |  6.5
Invocations    | 3 4 5 6 7 |  7.1
Short Blades   | 1 3 4 6 7 |  7.5
Evocations     | |  0.1

Action                   |  1- 3 |  4- 6 |  7- 9 | 10-12 || total
-------------------------+-------+-------+-------+-------++-------
Melee: Hand axe          |    72 |   206 |       |       ||   278
       Kick              |    15 |    44 |   118 |    54 ||   231
       Rapier            |       |    43 |   362 |   153 ||   558
Invok: Depart the Abyss  |     1 |       |       |       ||     1
       Bend Space        |       |       |     1 |       ||     1
       Banish            |       |       |     1 |       ||     1
Evoke: Wand              |     2 |       |       |     2 ||     4
  Use: Scroll            |     1 |    12 |     9 |     1 ||    23
       Potion            |       |     1 |     3 |     1 ||     5
  Eat: Chunk             |       |     8 |    12 |     7 ||    27
       Ration            |       |       |     1 |       ||     1
Armor: Leather armour    |    45 |     3 |       |       ||    48
       Ring mail         |       |    56 |    93 |    92 ||   241
       Chain mail        |       |    55 |   110 |       ||   165
Dodge: Dodged            |    57 |    77 |   115 |   102 ||   351

Table legend:
 A = Non-vault XP
 B = Vault XP
 C = Vault XP percentage of total XP
 D = Non-vault monster count
 E = Vault monster count
 F = Vault count percentage of total count
                 A         B        C        D         E       F
            +---------+---------+-------+---------+---------+-------
      Total |    7848 |     887 |  10.2 |     214 |      23 |   9.7
            +---------+---------+-------+---------+---------+-------
        D:1 |      35 |       0 |   0.0 |      20 |       0 |   0.0
        D:2 |      64 |       0 |   0.0 |      26 |       0 |   0.0
        D:3 |      94 |      53 |  36.1 |      27 |       3 |  10.0
        D:4 |     408 |     196 |  32.5 |      20 |      18 |  47.4
        D:5 |     431 |       0 |   0.0 |      22 |       0 |   0.0
        D:6 |     805 |     638 |  44.2 |      16 |       2 |  11.1
        D:7 |     593 |       0 |   0.0 |      12 |       0 |   0.0
        D:8 |    2671 |       0 |   0.0 |      35 |       0 |   0.0
        D:9 |    1374 |       0 |   0.0 |      15 |       0 |   0.0
       D:10 |    1343 |       0 |   0.0 |      20 |       0 |   0.0
    Abyss:2 |      30 |       0 |   0.0 |       1 |       0 |   0.0
            +---------+---------+-------+---------+---------+-------
